 Dungeon Crawl Stone Soup version 0.23-a0-622-g59b4ea9 (webtiles) character file.

20 Leeroy the Charmwright (level 2, -2/23 HPs)
             Began as a Barachi Skald on Dec 23, 2018.
             Hit by a stone thrown by a kobold (3 damage)
             ... on level 1 of the Dungeon.
             The game lasted 00:01:35 (238 turns).

Leeroy the Charmwright (Barachi Skald)               Turns: 238, Time: 00:01:36

Health: -2/23      AC:  3    Str: 12    XL:     2   Next: 79%
Magic:  4/5        EV: 12    Int: 13    God:
Gold:   30         SH:  0    Dex: 11    Spells: 2/5 levels left

rFire    . . .     SeeInvis .   a - +0 falchion
rCold    . . .     Gourm    .   (no shield)
rNeg     . . .     Faith    .   b - +0 leather armour
rPois    .         Spirit   .   (no helmet)
rElec    .         Reflect  .   (no cloak)
rCorr    .         Harm     .   (no gloves)
MR       .....                  (no boots)
Stlth    +.........             (no amulet)
HPRegen  0.07/turn              (no ring)
MPRegen  0.09/turn              (no ring)

@: very slightly contaminated, hasted, quick
A: +LOS, swims, slowness 1, strong legs 1
a: Hop


You were on level 1 of the Dungeon.
You were not hungry.

You visited 1 branch of the dungeon, and saw 1 of its levels.

You collected 30 gold pieces.

Inventory:

Hand Weapons
 a - a +0 falchion (weapon)
 g - a +0 club
Missiles
 c - 9 stones (quivered)
 f - 19 arrows
 i - 4 tomahawks
 j - 2 throwing nets
Armour
 b - a +0 leather armour (worn)
Scrolls
 e - a scroll of identify {unknown}
Comestibles
 d - 2 rations


   Skills:
 + Level 2.6 Fighting
 * Level 2.9 Long Blades
 + Level 1.2 Armour
 + Level 2.2 Dodging
 + Level 2.2 Spellcasting
 + Level 3.8 Charms


You had 2 spell levels left.
You knew the following spells:

 Your Spells              Type           Power        Failure   Level  Hunger
a - Infusion              Chrm           ##..         6%          1    ##.....
b - Shroud of Golubria    Chrm/Tloc      #.........   22%         2    ###....

Your spell library contained the following spells:

 Spells                   Type           Power        Failure   Level  Hunger
 Song of Slaying          Chrm           ##......     10%         2    ###....
 Regeneration             Chrm/Necr      #.........   38%         3    ####...
 Spectral Weapon          Hex/Chrm       #.......     38%         3    ####...


Dungeon Overview and Level Annotations

Branches:
Dungeon (1/15)

Altars:


Innate Abilities, Weirdness & Mutations

Shadows flee at your approach. (+LOS)
You can swim through water.
You cover ground slowly.
You can hop short distances.


Message History

The gnoll is severely wounded.
The gnoll completely misses you.
You barely miss the gnoll.
The gnoll is severely wounded.
The gnoll hits you.
You hit the gnoll.
The gnoll is severely wounded.
The gnoll hits you.
* * * LOW HITPOINT WARNING * * *
Unknown command.
It was a potion of haste.
You feel yourself speed up. The gnoll hits you but does no damage.
You hit the gnoll but do no damage.
The gnoll is severely wounded.
The gnoll closely misses you.
You are very lightly contaminated with residual magic.
Your actions are hasted.
Your movement speed is very quick.
Your attack speed is quite fast.
The kobold throws a stone.
The stone hits you.
You die...

... ..# #.## #.# #... #.#
#..# #(# #..# #.# ########
#..# #.# .......#
#..########K#
.##.#..###..#........######
.##.#...).......@.g.........
.##.#.#######.#############.
....#.. ..... .######
####.## ......# .# #####.#
## # # #


You could see a gnoll and a kobold.

Vanquished Creatures
  2 oozes (D:1)
  2 hobgoblins (D:1)
  2 goblins (D:1)
  5 kobolds (D:1)
  2 rats (D:1)
13 creatures vanquished.

Notes
Turn   | Place    | Note
-------+----------+-------------------------------------------
     0 | D:1      | Leeroy the Barachi Skald began the quest for the Orb.
     0 | D:1      | Reached XP level 1. HP: 17/17 MP: 3/3
    52 | D:1      | Reached XP level 2. HP: 17/23 MP: 5/5
    56 | D:1      | Learned a level 2 spell: Shroud of Golubria
   232 | D:1      | HP: 1/23 [gnoll (6)]
   238 | D:1      | Hit by a stone thrown by a kobold

Vault maps used:
D:1:      erik_arrival_gehennom

Action                   || total
-------------------------++-------
Melee: Falchion          ||    42
Throw: Stone             ||    11
 Cast: Infusion          ||     1
  Use: Potion            ||     1
Armor: Leather armour    ||     8
Dodge: Dodged            ||    26
       Rpst.: Falchion   ||     9

Table legend:
 A = Non-vault XP
 B = Vault XP
 C = Vault XP percentage of total XP
 D = Non-vault monster count
 E = Vault monster count
 F = Vault count percentage of total count
                 A         B        C        D         E       F
            +---------+---------+-------+---------+---------+-------
      Total |      12 |      17 |  58.6 |       8 |       5 |  38.5
            +---------+---------+-------+---------+---------+-------
        D:1 |      12 |      17 |  58.6 |       8 |       5 |  38.5
            +---------+---------+-------+---------+---------+-------
